 Dungeon Crawl Stone Soup version 0.23-a0-622-g59b4ea9 (webtiles) character file.

353862 Letos the Fencer (level 23, 0/181 HPs)
             Began as a Formicid Fighter on Dec 24, 2018.
             Was a High Priest of Okawaru.
             Slain by a vault warden
             ... wielding a +3 great sword of protection
              (47 damage)
             ... on level 4 of the Vaults.
             The game lasted 01:44:51 (36816 turns).

Letos the Fencer (Formicid Fighter)                Turns: 36816, Time: 01:44:52

Health: 0/181      AC: 34    Str: 30    XL:     23   Next: 31%
Magic:  28/31      EV: 16    Int: 12    God:    Okawaru [*****.]
Gold:   2044       SH: 24    Dex: 10    Spells: 20/33 levels left

rFire    . . .     SeeInvis +   h - +3 great sword (holy)
rCold    + + +     Gourm    .   m - +0 large shield
rNeg     + + .     Faith    .   w - +6 scale mail "Qileor" {rN++ Str+2 Stlth+}
rPois    +         Spirit   .   (helmet unavailable)
rElec    .         Reflect  .   g - +0 cloak {rPois}
rCorr    .         Harm     .   U - +3 pair of gloves "Guhenud" {rC+++ Str-2 Int-3 SInv}
MR       ++...                  T - +2 pair of boots {run}
Stlth    ++........             J - amulet of regeneration
HPRegen  1.20/turn              q - +3 ring of slaying
MPRegen  0.22/turn              c - ring "Nicrixoz" {-Tele AC+4 Str+6}

@: heroism, finesse, studying Necromancy, quick
A: permanent stasis, dig shafts and tunnels, four strong arms, antennae 3,
iridescent scales 1, regeneration 1, subdued magic 1
}: 2/15 runes: decaying, serpentine
a: Dig, Shaft Self, Heroism, Finesse, Renounce Religion


You were on level 4 of the Vaults.
You worshipped Okawaru.
Okawaru was extremely pleased with you.
You were not hungry.

You visited 7 branches of the dungeon, and saw 36 of its levels.
You also visited: Volcano and Desolation.

You collected 3218 gold pieces.
You spent 1174 gold pieces at shops.

Inventory:

Hand Weapons
 h - a +3 great sword of holy wrath (weapon)
 M - the +9 sword of Zonguldrok {reap}
   (You found it on level 6 of the Lair of Beasts)

   If a monster killed with it leaves a corpse in good enough shape, the corpse
   will be animated as a zombie friendly to the killer.
 S - a +2 scimitar of flaming
Missiles
 K - 5 poisoned javelins (quivered)
Armour
 g - a +0 cloak of poison resistance (worn)
 m - a +0 large shield (worn)
 w - the +6 scale mail "Qileor" (worn) {rN++ Str+2 Stlth+}
   (You found it on level 6 of the Dungeon)

   It affects your strength (+2).
   It greatly protects you from negative energy.
   It makes you more stealthy.
 T - a +2 pair of boots of running (worn)
 U - the +3 pair of gloves "Guhenud" (worn) {rC+++ Str-2 Int-3 SInv}
   (You found it on level 15 of the Dungeon)

   It affects your strength (-2).
   It affects your intelligence (-3).
   It renders you almost immune to cold.
   It lets you see invisible.
Jewellery
 c - the ring "Nicrixoz" (right hand) {-Tele AC+4 Str+6}
   (You found it on level 3 of the Snake Pit)

   [ring of protection]

   It affects your AC (+4).
   It affects your strength (+6).
   It prevents most forms of teleportation.
 i - an uncursed ring of positive energy
 n - an uncursed ring of flight
 q - a +3 ring of slaying (left hand)
 s - a +4 ring of dexterity
 J - an amulet of regeneration (around neck)
 P - an uncursed ring of resist corrosion
Wands
 t - a wand of iceblast (6)
 E - a wand of clouds (8)
 F - a wand of disintegration (13)
 H - a wand of digging (9)
 O - a wand of scattershot (11)
Scrolls
 a - a scroll of enchant armour
 k - a scroll of identify
 o - 8 scrolls of fear
 r - 3 scrolls of fog
 u - 5 scrolls of magic mapping
 y - a scroll of amnesia
 G - 9 scrolls of remove curse
Potions
 d - 9 potions of might
 e - 7 potions of curing
 j - 4 potions of agility
 l - 8 potions of mutation
 p - 2 potions of magic
 v - a potion of ambrosia
 x - 7 potions of heal wounds
 C - a potion of brilliance
 N - 7 potions of flight
 R - a potion of cancellation
 X - 3 potions of resistance
Books
 b - a manual of Necromancy
Miscellaneous
 A - a lightning rod (4/4)
 B - 2 phantom mirrors
Comestibles
 f - 53 rations


   Skills:
 - Level 15.0(20.0) Fighting
 - Level 20.1(25.1) Long Blades
 - Level 15.1(20.1) Armour
 - Level 6.1(11.1) Dodging
 - Level 15.4(20.4) Shields
 + Level 5.8 Spellcasting
 - Level 9.0 Conjurations
 * Level 11.6 Summonings
 - Level 8.0 Air Magic
 - Level 9.4 Poison Magic
 - Level 10.1 Invocations
 - Level 5.4 Evocations


You had 20 spell levels left.
You knew the following spells:

 Your Spells              Type           Power        Failure   Level  Hunger
a - Confusing Touch       Hex            #.....       24%         1    None
b - Swiftness             Chrm/Air       ##......     7%          2    ##.....
c - Mephitic Cloud        Conj/Pois/Air  ###.....     1%          3    ###....
d - Shroud of Golubria    Chrm/Tloc      #.........   34%         2    ##.....
e - Aura of Abjuration    Summ           ###.......   4%          5    ######.

Your spell library contained the following spells:

 Spells                   Type           Power        Failure   Level  Hunger
 Magic Dart               Conj           ###.         1%          1    None
 Shock                    Conj/Air       ###.         1%          1    None
 Sting                    Conj/Pois      ###.         1%          1    None
 Summon Small Mammal      Summ           ###.         1%          1    None
 Call Imp                 Summ           ###.....     1%          2    ##.....
 Poisonous Vapours        Pois/Air       ###...       1%          2    ##.....
 Call Canine Familiar     Summ           ###.....     1%          3    ###....
 Static Discharge         Conj/Air       ###.....     1%          3    ###....
 Flame Tongue             Conj/Fire      ##...        3%          1    None
 Summon Lightning Spire   Summ/Air       ###.....     3%          4    ####...
 Olgreb's Toxic Radiance  Pois           ###.....     4%          4    ####...
 Summon Demon             Summ           ###.......   4%          5    ######.
 Throw Flame              Conj/Fire      ##....       5%          2    ##.....
 Summon Guardian Golem    Hex/Summ       ##......     6%          3    ###....
 Airstrike                Air            ###.......   9%          4    ####...
 Conjure Flame            Conj/Fire      ##......     11%         3    ###....
 Stone Arrow              Conj/Erth      ##....       11%         3    ###....
 Venom Bolt               Conj/Pois      ###.......   14%         5    ######.
 Lightning Bolt           Conj/Air       ###.......   21%         5    ######.
 Summon Ice Beast         Ice/Summ       ##......     22%         4    ####...
 Animate Skeleton         Necr           N/A          24%         1    None
 Apportation              Tloc           #.....       24%         1    None
 Pain                     Necr           #...         24%         1    None
 Corpse Rot               Necr           N/A          34%         2    ##.....
 Slow                     Hex            #.......     34%         2    ##.....
 Sticky Flame             Conj/Fire      ##......     36%         4    ####...
 Summon Forest            Summ/Tloc      ##........   52%         5    ######.
 Summon Mana Viper        Hex/Summ       ##......     52%         5    ######.
 Confuse                  Hex            #.......     58%         3    ###....
 Gell's Gravitas          Tloc           #.........   58%         3    ###....
 Inner Flame              Hex/Fire       #.......     58%         3    ###....
 Regeneration             Chrm/Necr      #.........   58%         3    ###....
 Vampiric Draining        Necr           #.........   58%         3    ###....
 Fireball                 Conj/Fire      ##........   73%         5    ######.
 Iskenderun's Battlesphe  Conj/Chrm      ##......     73%         5    ######.
 Summon Hydra             Summ           ###.......   87%         7    #######
 Bolt of Magma            Conj/Fire/Erth #.........   90%         5    ######.
 Animate Dead             Necr           N/A          94%         4    ####...
 Ice Form                 Ice/Tmut       #.......     94%         4    ####...
 Leda's Liquefaction      Hex/Erth       #.........   94%         4    ####...
 Petrify                  Tmut/Erth      #.......     94%         4    ####...
 Freezing Cloud           Conj/Ice/Air   ##........   98%         6    #######
 Bolt of Cold             Conj/Ice       ##........   99%         6    #######
 Bolt of Fire             Conj/Fire      ##........   99%         6    #######
 Iron Shot                Conj/Erth      ##........   99%         6    #######
 Metabolic Englaciation   Hex/Ice        #.........   100%        5    ######.
 Yara's Violent Unravell  Hex/Tmut       #.........   100%        5    ######.
 Hydra Form               Tmut           #.........   100%        6    #######
 Ozocubu's Refrigeration  Ice            #.........   100%        6    #######
 Simulacrum               Ice/Necr       #.........   100%        6    #######
 Statue Form              Tmut/Erth      #........    100%        6    #######
 Ring of Flames           Chrm/Fire      #.........   100%        7    #######
 Shatter                  Erth           #.........   100%        9    #######
 Blink                    Tloc           Unusable     N/A         2    N/A

Dungeon Overview and Level Annotations

Branches:
Dungeon (15/15)            Temple (1/1) D:6            Lair (6/6) D:9
  Swamp (4/4) Lair:4        Snake (4/4) Lair:4        Slime (0/5) Lair:6
    Orc (2/2) D:10            Elf (0/3) Orc:2        Vaults (4/5) D:13
  Crypt (0/3) Vaults:3     Depths (0/5) D:15

Altars:
Ashenzari
Cheibriados
Dithmenos
Elyvilon
Fedhas
Gozag
Hepliaklqana
Kikubaaqudgha
Makhleb
Nemelex Xobeh
Okawaru
Qazlal
Ru
Sif Muna
Trog
Uskayaw
Vehumet
Wu Jian
Xom
Yredelemnul
Zin
The Shining One
Beogh

Shops:
D:4 ?   Orc:2 }%:*(***   Snake:4 *   Vaults:1 (   Vaults:3 (


Innate Abilities, Weirdness & Mutations

You cannot be hasted, slowed, berserked, paralysed or teleported.
You can dig through walls and to a lower floor.
Your four strong arms can wield two-handed weapons with a shield.
You have a pair of large antennae on your head. (SInv)
You are partially covered in iridescent scales. (AC +2)
Your natural rate of healing is unusually fast.
Your spells are a little easier to cast, but a little less powerful.


Message History

The deep elf sorcerer is lightly wounded.
You block the deep elf sorcerer's attack.
You carve the deep elf sorcerer like a ham!!!
The deep elf sorcerer is almost dead.
You carve the deep elf sorcerer like a ham!!!
You kill the deep elf sorcerer!
Okawaru accepts your kill.
You cut the vault warden into ribbons!!!
The vault warden is heavily wounded.
You block the vault warden's attack.
All of the chunks of flesh in your inventory have rotted away.
You hit the vault warden but do no damage.
The vault warden is heavily wounded.
You hit the vault warden but do no damage.
The vault warden is heavily wounded.
You slice the vault warden!!
The vault warden is almost dead.
You block the yaktaur's attack.
The vault warden hits you with a +3 great sword of protection!!!
You die...

#....#...#....#
#. #.....#.>.#
#. ###+####..#
.###. ...###.#
##.#.#... #.##
##.)#?.#.#
#..## #..c'.!.#
+...#
##pc#{{#.#
#..## ##@#.#...
#.## #.###.
...###.#
#..####+####..#
#.>.#.....#.<.#
#....#...#....#
#######.#######
###


cccc .{... You could see a vault warden and 2 yaktaurs.

Vanquished Creatures
  Mennas (Vaults:2)
  Frederick (Vaults:2)
  Vashnia (Snake:3)
  Xtahua (Vaults:2)
  Jory (Vaults:2)
  A bone dragon (Swamp:4)
  A tentacled monstrosity (Vaults:3)
  The ghost of Caysag the Warrior, an adept DsAK of Lugonu (Vaults:3)
  Agnes (D:14)
  Kirke (D:15)
  A tengu reaver (Vaults:4)
  A thorn hunter (Swamp:2)
  Roxanne (Swamp:1)
  6 nagarajas
  A deep elf sorcerer (Vaults:4)
  2 imperial myrmidons (Desolation)
  A fire giant (Vaults:4)
  5 vault wardens
  Louise (Snake:1)
  4 ironheart preservers
  3 very ugly things
  7 stone giants
  A ghoul (Vaults:3)
  A deep elf demonologist (Vaults:3)
  Azrael (Orc:2)
  A halazid warlock (Desolation)
  2 deep elf death magi
  A crystal guardian (Desolation)
  An ettin (Vaults:3)
  Fannar (D:10)
  2 fire dragons
  6 ragged hierophants (Desolation)
  2 ice dragons
  A great orb of eyes (Vaults:3)
  Josephine (D:10)
  10 hydras
  2 rakshasas (Vaults:1)
  7 yaktaur captains
  6 servants of whispers (Desolation)
  4 ghost crabs
  15 naga warriors
  10 vault guards
  2 catoblepae
  11 centaur warriors
  6 peacekeepers (Desolation)
  23 two-headed ogres
  2 anacondas
  An alligator (shapeshifter) (Vaults:1)
  2 death knights
  16 alligators
  11 ogre magi
  A tengu warrior (D:15)
  A vampire mage (Vaults:3)
  4 shock serpents
  20 naga sharpshooters
  3 deep elf knights
  Sonja (Lair:6)
  A shadow wraith (Vaults:3)
  3 salamander mystics
  A fire crab (Lair:6)
  6 deep trolls
  4 spriggan druids
  2 unseen horrors
  6 wizards
  4 swamp dragons
  13 ironbrand convokers
  3 unseen horrors (shapeshifter)
  3 naga ritualists
  8 deep elf archers
  2 spectral hydras (Swamp:4)
  5 necromancers
  A phantasmal warrior (Swamp:4)
  A lindwurm (Volcano)
  6 mana vipers
  Pikel (D:7)
  7 orc knights
  6 deep elf magi
  4 wolf spiders
  An orb spider (shapeshifter) (Vaults:1)
  A shadow dragon skeleton (Vaults:3)
  15 salamanders
  A mana viper (shapeshifter) (Vaults:2)
  2 orc sorcerers
  38 slime creatures
  8 cyclopes
  A frost giant zombie (Vaults:3)
  3 oklob plants
  43 ugly things
  2 manticores
  5 elephants (Lair:6)
  15 vault sentinels
  A tengu skeleton (Vaults:3)
  5 guardian serpents
  A centaur zombie (D:15)
  30 black mambas
  Psyche (D:9)
  36 naga magi
  6 molten gargoyles
  7 gargoyles
  Joseph (D:9)
  16 spiny frogs
  A spiny frog (shapeshifter) (D:15)
  3 rime drakes
  3 efreet
  3 kobold demonologists
  A rime drake (shapeshifter) (Vaults:3)
  A tengu conjurer (D:15)
  4 freezing wraiths
  2 swamp worm zombies (Swamp:4)
  29 yaktaurs
  5 hydra zombies (Swamp:4)
  19 komodo dragons
  10 trolls
  A tengu simulacrum (Vaults:3)
  8 tyrant leeches
  6 bog bodies
  52 saltlings
  2 spectral swamp dragons (Swamp:4)
  10 hornets
  19 blink frogs
  A stone giant simulacrum (Vaults:2)
  6 alligator zombies (Swamp:4)
  10 dream sheep
  9 hippogriffs
  An ettin skeleton (Vaults:3)
  12 spriggans
  A shadow (Swamp:4)
  5 wraiths
  A redback (shapeshifter) (Vaults:1)
  A human (D:9)
  7 fire elementals
  4 wyverns
  20 yaks
  7 basilisks
  A golden eye (shapeshifter) (Vaults:2)
  A human (shapeshifter) (Vaults:2)
  3 hungry ghosts
  3 steam dragons
  Grum (D:9)
  16 vampire mosquitoes
  6 wargs (Orc:2)
  Menkaure (D:7)
  A human simulacrum (Vaults:2)
  52 nagas
  A yaktaur simulacrum (Vaults:2)
  6 insubstantial wisps (Swamp:4)
  17 swamp worms
  14 water moccasins
  7 hell hounds
  A floating eye (shapeshifter) (D:15)
  13 porcupines
  9 swamp drakes
  32 orc warriors
  3 ice beasts
  4 sky beasts
  A hornet zombie (D:14)
  2 eyes of draining (shapeshifter)
  3 human zombies
  A slave (D:7)
  2 swamp dragon zombies (Swamp:4)
  9 phantoms
  8 boggarts
  2 necrophages
  15 centaurs
  30 wolves
  9 crocodiles
  38 ogres
  4 big kobolds
  A big kobold (shapeshifter) (D:15)
  11 bullfrogs
  A gnoll sergeant (D:6)
  2 wyvern zombies
  A glowing shapeshifter simulacrum (Vaults:2)
  An earth elemental (Volcano)
  2 wyvern skeletons
  A hornet simulacrum (D:15)
  2 scorpions
  11 killer bees
  13 wights
  7 howler monkeys
  5 lava snakes (Lair:6)
  6 crimson imps
  3 hounds
  4 bullfrog zombies
  18 orc priests
  5 jellies
  4 iguanas
  27 orc wizards
  3 spectral swamp drakes (Swamp:4)
  9 worker ants
  2 hound skeletons
  18 gnolls
  16 adders
  A shadow imp (D:15)
  An adder skeleton (D:10)
  4 worms
  3 dart slugs
  4 leopard geckos
  66 orcs
  A ball python (D:3)
  2 giant cockroaches (D:3)
  6 hobgoblins
  21 kobolds
  5 quokkas
  3 bats
  6 frilled lizards
  8 goblins
  A leopard gecko skeleton (D:5)
  2 quokka skeletons
  A quokka zombie (D:7)
  7 rats
  A briar patch (Swamp:2)
1444 creatures vanquished.

Vanquished Creatures (collateral kills)
  A slime creature (D:14)
  A centaur (D:14)
2 creatures vanquished.

Vanquished Creatures (others)
  A hydra (Swamp:3)
  An alligator (Swamp:4)
  An unseen horror (D:13)
  A spectral hydra (Swamp:4)
  A spiny frog (Swamp:2)
  2 humans (D:15)
  An insubstantial wisp (Swamp:4)
  A warg (Orc:2)
  A swamp worm (Swamp:2)
  2 slaves (D:7)
  2 orcs (Orc:2)
  4 fungi
  4 plants
  6 toadstools (Swamp:2)
28 creatures vanquished.

Grand Total: 1474 creatures vanquished

Notes
Turn   | Place    | Note
-------+----------+-------------------------------------------
     0 | D:1      | Letos the Formicid Fighter began the quest for the Orb.
     0 | D:1      | Reached XP level 1. HP: 18/18 MP: 1/1
   286 | D:1      | Reached XP level 2. HP: 24/24 MP: 2/2
   648 | D:2      | Reached XP level 3. HP: 21/30 MP: 3/3
   748 | D:2      | Found a basalt altar of Yredelemnul.
   765 | D:2      | Learned a level 1 spell: Confusing Touch
   838 | D:2      | Reached skill level 3 in Long Blades
  1018 | D:2      | Found a shadowy altar of Dithmenos.
  1018 | D:2      | Found a shimmering altar of Xom.
  1265 | D:2      | Reached XP level 4. HP: 35/37 MP: 4/4
  1701 | D:3      | Found a stormy altar of Qazlal.
  1703 | D:3      | Noticed a fire elemental
  1704 | D:3      | Noticed an air elemental
  1704 | D:3      | Noticed an earth elemental
  1704 | D:3      | Noticed a water elemental
  2356 | D:3      | Reached skill level 4 in Long Blades
  2511 | D:4      | Reached XP level 5. HP: 7/43 MP: 5/5
  2752 | D:4      | Noticed a phantom
  2776 | D:4      | Killed a phantom
  2776 | D:4      | Reached skill level 5 in Long Blades
  2776 | D:4      | Reached XP level 6. HP: 18/50 MP: 6/6
  3058 | D:4      | Reached skill level 5 in Fighting
  3502 | D:4      | Gained mutation: You are partially covered in iridescent
                  | scales. (AC +2) [potion of mutation]
  3502 | D:4      | Gained mutation: Your spells are a little easier to cast,
                  | but a little less powerful. [potion of mutation]
  3502 | D:4      | Gained mutation: Your natural rate of healing is unusually
                  | fast. [potion of mutation]
  3505 | D:4      | Reached XP level 7. HP: 38/56 MP: 7/7
  3508 | D:4      | Reached skill level 6 in Long Blades
  3699 | D:4      | Found Mouwicet's Magic Scroll Shoppe.
  3710 | D:4      | Bought a scroll of fog for 22 gold pieces
  3710 | D:4      | Bought a scroll of fear for 38 gold pieces
  3951 | D:5      | Entered Level 5 of the Dungeon
  4103 | D:5      | Found a glowing silver altar of Zin.
  4769 | D:6      | Reached skill level 7 in Long Blades
  4833 | D:6      | Noticed a hippogriff
  4839 | D:6      | Killed a hippogriff
  4839 | D:6      | Reached skill level 5 in Shields
  4839 | D:6      | Reached XP level 8. HP: 54/62 MP: 8/8
  4862 | D:6      | Found a glowing golden altar of the Shining One.
  4867 | D:6      | Found a burning altar of Makhleb.
  4867 | D:6      | Found a snail-covered altar of Cheibriados.
  4896 | D:6      | Reached skill level 8 in Long Blades
  4973 | D:6      | Got a bloodstained scale mail
  4974 | D:6      | Identified the +6 scale mail "Qileor" {rN++ Str+2 Stlth+}
                  | (You found it on level 6 of the Dungeon)
  5194 | D:6      | Found a staircase to the Ecumenical Temple.
  5223 | Temple   | Entered the Ecumenical Temple
  5435 | D:6      | Reached skill level 9 in Long Blades
  5435 | D:6      | Reached XP level 9. HP: 65/68 MP: 9/9
  5720 | D:7      | Noticed Pikel
  5747 | D:7      | Killed Pikel
  5747 | D:7      | Reached skill level 10 in Long Blades
  5805 | D:7      | Noticed Menkaure
  5813 | D:7      | Killed Menkaure
  5853 | D:7      | Got a jewelled dagger
  5854 | D:7      | Identified the +5 dagger "Buakesac" {pierce, rF+ MR+ MP+9}
                  | (You found it on level 7 of the Dungeon)
  6263 | D:7      | Reached XP level 10. HP: 72/74 MP: 10/10
  6498 | D:8      | Reached skill level 11 in Long Blades
  6649 | D:8      | Noticed a kobold demonologist
  6681 | D:8      | Killed a kobold demonologist
  6694 | D:8      | Noticed a kobold demonologist
  6712 | D:8      | Killed a kobold demonologist
  6712 | D:8      | Reached skill level 12 in Long Blades
  6801 | D:8      | Found an ancient bone altar of Kikubaaqudgha.
  7205 | D:8      | Found an iron altar of Okawaru.
  7226 | D:8      | Became a worshipper of Warmaster Okawaru
  7367 | D:9      | Reached skill level 10 in Shields
  7433 | D:9      | Noticed Joseph
  7445 | D:9      | Killed Joseph
  7478 | D:9      | Reached * piety under Okawaru
  7527 | D:9      | Reached XP level 11. HP: 78/79 MP: 11/11
  7600 | D:9      | Found a staircase to the Lair.
  7843 | D:9      | Noticed Psyche
  7850 | D:9      | Reached skill level 13 in Long Blades
  7852 | D:9      | Killed Psyche
  7859 | D:9      | Noticed Grum
  7871 | D:9      | Reached ** piety under Okawaru
  7884 | D:9      | Killed Grum
  8113 | D:9      | Found a deep blue altar of Sif Muna.
  8113 | D:9      | Found a sparkling altar of Nemelex Xobeh.
  8189 | D:10     | Entered Level 10 of the Dungeon
  8201 | D:10     | Noticed a two-headed ogre
  8208 | D:10     | Killed a two-headed ogre
  8215 | D:10     | Found a staircase to the Orcish Mines.
  8237 | D:10     | Found a roughly hewn altar of Beogh.
  8386 | D:10     | Reached *** piety under Okawaru
  8410 | D:10     | Noticed Fannar
  8457 | D:10     | Killed Fannar
  8764 | D:10     | Noticed Josephine
  8781 | D:10     | Killed Josephine
  8781 | D:10     | Received a gift from Okawaru
  8781 | D:10     | Reached **** piety under Okawaru
  8781 | D:10     | Reached skill level 14 in Long Blades
  8822 | D:10     | Noticed a deep elf mage
  8829 | D:10     | Killed a deep elf mage
  8829 | D:10     | Reached XP level 12. HP: 73/88 MP: 9/12
  9294 | D:11     | Reached skill level 1 in Invocations
  9298 | D:11     | Reached skill level 5 in Armour
  9942 | D:12     | Reached ***** piety under Okawaru
  9967 | D:12     | Found a radiant altar of Vehumet.
 10281 | D:12     | Learned a level 2 spell: Swiftness
 10343 | D:12     | HP: 1/91 [white ugly thing (14)]
 10675 | D:13     | Found a gate to the Vaults.
 10675 | D:13     | Noticed a vault guard
 10675 | D:13     | Noticed a vault guard
 10675 | D:13     | Noticed a vault guard
 10675 | D:13     | Noticed a vault guard
 10675 | D:13     | Noticed a vault guard
 10676 | D:13     | Noticed a vault guard
 10676 | D:13     | Noticed a vault guard
 10676 | D:13     | Noticed a vault guard
 10683 | D:13     | Killed a vault guard
 10683 | D:13     | Reached skill level 15 in Long Blades
 10690 | D:13     | Killed a vault guard
 10697 | D:13     | Killed a vault guard
 10697 | D:13     | Reached skill level 5 in Invocations
 10705 | D:13     | Killed a vault guard
 10712 | D:13     | Killed a vault guard
 10712 | D:13     | Received a gift from Okawaru
 10712 | D:13     | Reached XP level 13. HP: 43/96 MP: 7/17
 10728 | D:13     | Killed a vault guard
 10739 | D:13     | Killed a vault guard
 10747 | D:13     | Killed a vault guard
 10875 | D:13     | Noticed a four-headed hydra
 10932 | D:13     | Reached skill level 16 in Long Blades
 10946 | D:13     | Found a blossoming altar of Fedhas.
 10983 | D:13     | Noticed a centaur warrior
 11146 | Orc:1    | Entered Level 1 of the Orcish Mines
 11565 | Orc:1    | Found a roughly hewn altar of Beogh.
 11739 | Orc:2    | Entered Level 2 of the Orcish Mines
 11760 | Orc:2    | Noticed a stone giant
 11835 | Orc:2    | Killed a stone giant
 11835 | Orc:2    | Reached skill level 1 in Dodging
 11999 | Orc:2    | Found Baopekk's Assorted Antiques.
 12010 | Orc:2    | Bought a glowing scimitar for 224 gold pieces
 12029 | Orc:2    | Found Goidac's Assorted Antiques.
 12078 | Orc:2    | Received a gift from Okawaru
 12148 | Orc:2    | Noticed Azrael
 12184 | Orc:2    | Reached ****** piety under Okawaru
 12204 | Orc:2    | Killed Azrael
 12204 | Orc:2    | Received a gift from Okawaru
 12220 | Orc:2    | Reached XP level 14. HP: 74/105 MP: 20/20
 12421 | Orc:2    | Received a gift from Okawaru
 12422 | Orc:2    | Got a crystal demon trident {god gift}
 12423 | Orc:2    | Identified the +4 demon trident of Louptac {vamp, MR++}
                  | (Okawaru gifted it to you on level 2 of the Orcish Mines)
 12459 | Orc:2    | Found Mofim's Weapon Shoppe.
 12464 | Orc:2    | Found Buwk's General Store.
 12473 | Orc:2    | Found Kusaej's Assorted Antiques.
 12482 | Orc:2    | Bought a scroll labeled HOVVEA MOERO for 39 gold pieces
 12482 | Orc:2    | Bought a scroll labeled WEVINL JIPP for 39 gold pieces
 12482 | Orc:2    | Bought an embroidered cloak for 292 gold pieces
 12704 | Orc:2    | Found Kiob's Book Shop.
 12711 | Orc:2    | Bought a Young Poisoner's Handbook for 520 gold pieces
 12715 | Orc:2    | Learned a level 3 spell: Mephitic Cloud
 12717 | Orc:2    | Found Desoaxzo's Gadget Shop.
 12769 | Orc:2    | Found a staircase to the Elven Halls.
 12829 | Orc:2    | Found Noewk's Food Emporium.
 13017 | Lair:1   | Entered Level 1 of the Lair of Beasts
 13131 | Lair:1   | Reached skill level 10 in Invocations
 13279 | Lair:1   | Reached skill level 5 in Dodging
 13316 | Lair:1   | Received a gift from Okawaru
 13496 | Lair:1   | Received a gift from Okawaru
 14314 | Lair:2   | Received a gift from Okawaru
 14314 | Lair:2   | Reached skill level 10 in Fighting
 15428 | Lair:4   | Reached XP level 15. HP: 84/115 MP: 22/22
 15442 | Lair:4   | Found a staircase to the Snake Pit.
 15623 | Lair:4   | Reached skill level 10 in Armour
 16004 | Lair:4   | Found a staircase to the Swamp.
 16496 | Lair:5   | Reached skill level 17 in Long Blades
 16517 | Lair:5   | Found a dark tunnel.
 16521 | Volcano  | Entered a volcano
 16879 | Lair:5   | Received a gift from Okawaru
 17293 | Lair:5   | Received a gift from Okawaru
 17418 | Lair:6   | Entered Level 6 of the Lair of Beasts
 17591 | Lair:6   | Reached skill level 1 in Poison Magic
 17603 | Lair:6   | Reached skill level 1 in Conjurations
 17609 | Lair:6   | Reached skill level 1 in Air Magic
 17679 | Lair:6   | Noticed Sonja
 17691 | Lair:6   | Killed Sonja
 17729 | Lair:6   | Found a staircase to the Slime Pits.
 18265 | Lair:6   | Found a large runed door.
 18416 | Lair:6   | Reached skill level 5 in Poison Magic
 18440 | Lair:6   | Found a large runed door.
 18475 | Lair:6   | Received a gift from Okawaru
 18481 | Lair:6   | Reached XP level 16. HP: 117/122 MP: 23/23
 18505 | Lair:6   | Found the +9 sword of Zonguldrok {reap}
 19730 | D:14     | Noticed Agnes
 19738 | D:14     | Killed Agnes
 20038 | D:14     | Received a gift from Okawaru
 20056 | D:14     | Reached skill level 5 in Conjurations
 20164 | D:14     | Identified a +2 pair of boots of running (Okawaru gifted it
                  | to you on level 14 of the Dungeon)
 20581 | D:15     | Entered Level 15 of the Dungeon
 20593 | D:15     | Got a pair of steaming gloves
 20599 | D:15     | Identified the +3 pair of gloves "Guhenud" {rC+++ Str-2
                  | Int-3 SInv} (You found it on level 15 of the Dungeon)
 20777 | D:15     | Reached skill level 5 in Air Magic
 21038 | D:15     | Noticed Kirke
 21049 | D:15     | Killed Kirke
 21449 | D:15     | Found a sparkling altar of Nemelex Xobeh.
 21578 | D:15     | Got a translucent leather armour
 21579 | D:15     | Identified the +0 leather armour of Wu Jian's Hatred
                  | {*Contam rN+ Dex+2} (You found it on level 15 of the
                  | Dungeon)
 21680 | D:15     | Found a staircase to the Depths.
 21958 | Snake:1  | Entered Level 1 of the Snake Pit
 22112 | Snake:1  | Reached XP level 17. HP: 66/128 MP: 24/24
 22509 | Snake:1  | Noticed Louise
 22534 | Snake:1  | Killed Louise
 22886 | Snake:2  | Received a gift from Okawaru
 22887 | Snake:2  | Got a smoking dagger {god gift}
 24232 | Snake:3  | Received a gift from Okawaru
 24235 | Snake:3  | Got a pair of bloodstained boots {god gift}
 24236 | Snake:3  | Identified the +0 pair of boots of Absolutism {Str+4 Int-3}
                  | (Okawaru gifted it to you on level 3 of the Snake Pit)
 24242 | Snake:3  | Got a vibrating ivory ring
 24243 | Snake:3  | Identified the ring "Nicrixoz" {-Tele AC+4 Str+6} (You
                  | found it on level 3 of the Snake Pit)
 24736 | Snake:3  | Found an iron altar of Okawaru.
 24736 | Snake:3  | Noticed Vashnia
 24804 | Snake:3  | Killed Vashnia
 24804 | Snake:3  | Reached XP level 18. HP: 73/134 MP: 25/25
 25324 | Snake:4  | Entered Level 4 of the Snake Pit
 25599 | Snake:4  | Reached skill level 15 in Shields
 25658 | Snake:4  | Received a gift from Okawaru
 25748 | Snake:4  | Reached skill level 18 in Long Blades
 25784 | Snake:4  | Identified the +2 ring mail of the King of the Hill {rPois
                  | rC+ Str+4}
 25907 | Snake:4  | Got a serpentine rune of Zot
 26386 | Snake:4  | Found Roaqa's Assorted Antiques.
 26542 | Swamp:1  | Entered Level 1 of the Swamp
 26557 | Swamp:1  | Noticed Roxanne
 26577 | Swamp:1  | Killed Roxanne
 27036 | Swamp:1  | Received a gift from Okawaru
 27208 | Swamp:1  | Reached XP level 19. HP: 142/144 MP: 26/26
 27384 | Swamp:1  | Found a sparkling altar of Nemelex Xobeh.
 29199 | Swamp:4  | Entered Level 4 of the Swamp
 29598 | Swamp:4  | Noticed a bone dragon
 29603 | Swamp:4  | Killed a bone dragon
 29603 | Swamp:4  | Received a gift from Okawaru
 29694 | Swamp:4  | Got a decaying rune of Zot
 29734 | Swamp:4  | Reached skill level 5 in Evocations
 29734 | Swamp:4  | Reached XP level 20. HP: 151/151 MP: 27/27
 30558 | Vaults:1 | Entered Level 1 of the Vaults
 30601 | Vaults:1 | Found a ruined gateway.
 30631 | Desolati | Entered the Desolation of Salt
 30756 | Desolati | Got a clouded amber ring
 30759 | Desolati | Identified the Collected Works on Augmentations and Fire
 30765 | Desolati | Identified the ring "Cyewulia" {Ice Int-2 Dex+4} (You found
                  | it in the Desolation of Salt)
 30853 | Desolati | Reached XP level 21. HP: 138/156 MP: 28/28
 30988 | Desolati | Identified the Guide on the Glacier and Augmentations
 31179 | Desolati | Reached skill level 19 in Long Blades
 31213 | Desolati | Got a steaming scale mail
 31215 | Desolati | Got a faintly glowing chain mail
 31220 | Desolati | Identified the Tome of Creative Conjuration
 31309 | Desolati | Received a gift from Okawaru
 31310 | Desolati | Got a pitted fustibalus {god gift}
 31771 | Vaults:1 | Found Imocleeg's Antique Weapon Shoppe.
 31798 | Vaults:1 | Identified the +4 scale mail of Winter {+Blink MR+ Regen+
                  | Dex-3} (You found it in the Desolation of Salt)
 31799 | Vaults:1 | Identified the +0 chain mail of Hedge Wizardry {*Corrode
                  | rN++ Int+4 Stlth+} (You found it in the Desolation of Salt)
 31815 | Vaults:1 | Reached skill level 15 in Armour
 32265 | Vaults:1 | Received a gift from Okawaru
 33098 | Vaults:1 | Learned a level 2 spell: Shroud of Golubria
 33104 | Vaults:1 | Learned a level 5 spell: Aura of Abjuration
 33208 | Vaults:2 | Noticed Mennas
 33252 | Vaults:2 | Killed Mennas
 33252 | Vaults:2 | Reached skill level 20 in Long Blades
 33405 | Vaults:2 | Reached skill level 1 in Summonings
 33509 | Vaults:2 | Reached XP level 22. HP: 166/166 MP: 29/29
 33852 | Vaults:2 | Noticed Xtahua
 33871 | Vaults:2 | Killed Xtahua
 33977 | Vaults:2 | Reached skill level 5 in Summonings
 34069 | Vaults:2 | Noticed Frederick
 34085 | Vaults:2 | Killed Frederick
 34115 | Vaults:2 | Noticed Jory
 34125 | Vaults:2 | Killed Jory
 34404 | Vaults:2 | Received a gift from Okawaru
 34413 | Vaults:2 | Got a dazzling large shield {god gift}
 34424 | Vaults:2 | Identified the +5 large shield of Hedge Wizardry {rPois
                  | rCorr Str-5} (Okawaru gifted it to you on level 2 of the
                  | Vaults)
 34912 | Vaults:3 | Reached skill level 15 in Fighting
 35001 | Vaults:3 | Reached skill level 1 in Spellcasting
 35542 | Vaults:3 | Reached skill level 10 in Summonings
 35821 | Vaults:3 | Found Xigeboat's Antique Weapon Emporium.
 35833 | Vaults:3 | Noticed Caysag's ghost (adept DsAK)
 35837 | Vaults:3 | Found a runed gate.
 35837 | Vaults:3 | Found a runed gate.
 35839 | Vaults:3 | Found a runed gate.
 35918 | Vaults:3 | Killed Caysag's ghost
 35918 | Vaults:3 | Reached XP level 23. HP: 170/181 MP: 30/30
 36403 | Vaults:3 | Found a staircase to the Crypt.
 36612 | Vaults:4 | Reached skill level 5 in Spellcasting
 36816 | Vaults:4 | Slain by a vault warden

Vault maps used:
D:1:      minmay_arrival_glassed_features
D:2:      yredelemnul_altar_generic, chequers_temple_overflow_statue_of_worship
D:3:      nicolae_qazlal_style_of_elements
D:4:      serial_shops, kennysheep_mini, serial_glass, glass_columns_a,
          glass_columns_b, glass_columns_c, glass_columns_a, glass_columns_c,
          glass_columns_c, st_stairs_14
D:5:      old_standard_altar, first_ration
D:6:      grunt_temple_overflow_open, minmay_temple_entry_antechambers
D:7:      lightli_minifort, uniq_menkaure, uniq_pikel
D:8:      nicolae_overflow_crystal_walls, okawaru_altar_gauntlet_db
D:9:      gammafunk_temple_overflow_wave, grunt_lair_entry_orc_guard_hut,
          grunt_pizzeria, uniq_joseph, uniq_grum, uniq_psyche
D:10:     minmay_orc_entry_temple_small, uniq_fannar, uniq_josephine
D:11:     hangedman_abyss_or_decor_passed, kennysheep_generic_room_6
D:12:     basic_altar, palyth_stone_intersect
D:13:     erik_vaults_2, basic_altar
D:14:     minmay_misc_feat_four_crosses, kennysheep_generic_room_15, uniq_agnes
D:15:     hangedman_depths_entry_try_elsewhere_first, minmay_misc_feat_five,
          basic_altar, minmay_shattered_shrine, uniq_kirke
Temple:   cyrus_temple_forest
Lair:1:   minmay_lair_venomous_thicket, st_stairs_9
Lair:3:   st_stairs_12, lemuel_fruit_tree, serial_bayou_shore_b
Lair:4:   minmay_swamp_entry_worms, minmay_snake_entry_guardpost_large,
          beast_lair_carwin_2, serial_bayou_shore_a, minmay_lair_oklob_chamber
Lair:5:   nicolae_volcano_entry_lava_flow
Lair:6:   cheibrodos_lair_end_hotspot, slime_dummy, patterned_corridor,
          uniq_sonja
Swamp:1:  nicolae_swamp_godswood, nicolae_swamp_spriggan_camp, uniq_roxanne
Swamp:2:  cheibrodos_swamp_tower_of_moss, hangedman_swamp_pad,
          infiniplex_staircase_pool
Swamp:3:  nicolae_swamp_round_clearing, swamp_pool2, hangedman_swamp_diagram
Swamp:4:  swamp_pestilence
Snake:1:  uniq_louise
Snake:2:  spider_trap, serial_bayou_pond_c
Snake:3:  basic_altar, st_stairs_6, spider_trap, uniq_vashnia
Snake:4:  snake_pit, serial_shops, nicolae_shop_waterfront
Orc:1:    basic_altar
Orc:2:    st_orc_open, serial_shops, shop, shop,
          nicolae_shop_competitors_out_of_business, shop, mines5_lemuel,
          uniq_azrael
Vaults:1: ontoclasm_vaults_ligature, v_pattern_4, nicolae_vaults_network_square,
          v_misc_30, ontoclasm_vaults_fault, vaults_mumra_chevron,
          hangedman_vaults_maws, vaults_dpeg_ring, ontoclasm_vaults_ring_small,
          dpeg_vaults_monster_box, portal_desolation_entry_nicolae_nacl,
          serial_shops, nicolae_shop_statue_plus
Vaults:2: vaults_dpeg_encased_lava, v_rooms_5, ontoclasm_vaults_ring_large,
          vaults_room_semicircle, vaults_room_large_hall, vaults_mumra_hex,
          nicolae_vaults_ninety_degrees, grunt_vaults_hallway_short,
          vaults_room_semicircle, grunt_vaults_swirl, v_misc_33, v_misc_16,
          v_alt_pattern_6, nicolae_vaults_little_squares_3, v_misc_17,
          uniq_xtahua, uniq_frederick, uniq_mennas, uniq_jory
Vaults:3: gammafunk_vaults_ghost_split, minmay_crypt_entry_simple_walls,
          hangedman_vaults_trim, nicolae_vaults_puzzle_piece,
          vaults_mumra_chevron_long, nicolae_vaults_windows_and_doors_thing,
          ontoclasm_vaults_chip, vaults_mumra_lcd, v_misc_28, serial_shops,
          nicolae_shop_trees
Vaults:4: v_misc_12, ontoclasm_vaults_ring_small, v_misc_28, v_misc_17,
          nicolae_vaults_c_with_doors, nicolae_vaults_little_squares_4,
          nicolae_vaults_little_squares_6, grunt_vaults_focal,
          nicolae_vaults_triangles, v_misc_32, nicolae_vaults_angled_halls,
          nicolae_vaults_little_ls, vaults_room_boxed,
          ontoclasm_vaults_ring_small
Volcano:  volcano_aerie

Skill      XL: |  1  2  3  4  5  6  7  8  9 10 11 12 13 14 15 16 17 18 19 20 21 22 23 |
---------------+----------------------------------------------------------------------+-----
Long Blades    | 3 4 5 7 9 10 12 14 15 16 17 18 20 | 20.1
Fighting       | 4 5 6 7 8 10 11 13 14 15 | 15.0
Shields        | 5 6 8 10 11 14 15 | 15.4
Armour         | 4 6 7 9 11 12 13 14 15 | 15.1
Invocations    | 5 8 10 | 10.1
Dodging        | 3 6 |  6.1
Poison Magic   | 5 9 |  9.4
Conjurations   | 3 7 9 |  9.0
Air Magic      | 3 6 8 |  8.0
Evocations     | 5 |  5.4
Summonings     | 2 10 11 | 11.6
Spellcasting   | 4 5 |  5.8

Action                   |  1- 3 |  4- 6 |  7- 9 | 10-12 | 13-15 | 16-18 | 19-21 | 22-24 || total
-------------------------+-------+-------+-------+-------+-------+-------+-------+-------++-------
Melee: Long sword        |    72 |   155 |   150 |       |       |       |       |       ||   377
       Scimitar          |       |       |    98 |   437 |    24 |     5 |    88 |       ||   652
       Great sword       |       |       |       |   150 |   970 |  1450 |  1377 |   811 ||  4758
       Double sword      |       |       |       |       |   182 |    78 |       |       ||   260
       Unarmed           |       |       |       |       |       |     1 |       |       ||     1
 Cast: Mephitic Cloud    |       |       |       |       |       |       |       |     1 ||     1
Invok: Heroism           |       |       |       |    10 |    12 |    16 |    16 |    10 ||    64
       Finesse           |       |       |       |     1 |       |     3 |     4 |     1 ||     9
 Abil: Dig               |     1 |     1 |     4 |     8 |    21 |    25 |     1 |       ||    61
  Use: Scroll            |     1 |     1 |    11 |    11 |     7 |     8 |     9 |       ||    48
       Potion            |       |     5 |     1 |     1 |     3 |     5 |     2 |     1 ||    18
 Stab: Distracted        |       |       |       |       |     1 |       |       |     1 ||     2
       Confused          |       |       |       |       |       |       |     1 |       ||     1
       Sleeping          |       |       |       |       |       |       |     1 |       ||     1
  Eat: Chunk             |     1 |     4 |    18 |    10 |    23 |    16 |    11 |     8 ||    91
       Ration            |       |     1 |       |     1 |     2 |     5 |     3 |     1 ||    13
Armor: Scale mail        |    32 |    64 |    99 |   135 |   271 |   317 |   434 |   164 ||  1516
Dodge: Dodged            |    38 |    70 |   101 |   131 |   309 |   300 |   351 |   166 ||  1466
Block: Shield            |       |       |       |   307 |   617 |   216 |       |       ||  1140
       Large shield      |       |       |       |       |       |   763 |  1272 |   578 ||  2613
       Rpst.: Long sword |    16 |    28 |    28 |       |       |       |       |       ||    72
       Scimitar          |       |       |    11 |    22 |       |       |     2 |       ||    35
       Great sword       |       |       |       |    10 |    53 |    58 |    68 |    31 ||   220
       Double sword      |       |       |       |       |     4 |     5 |       |       ||     9

Table legend:
 A = Non-vault XP
 B = Vault XP
 C = Vault XP percentage of total XP
 D = Non-vault monster count
 E = Vault monster count
 F = Vault count percentage of total count
                 A         B        C        D         E       F
            +---------+---------+-------+---------+---------+-------
      Total |  295370 |  255826 |  46.4 |     973 |     475 |  32.8
            +---------+---------+-------+---------+---------+-------
        D:1 |      19 |       0 |   0.0 |      14 |       0 |   0.0
        D:2 |      58 |       0 |   0.0 |      17 |       0 |   0.0
        D:3 |      49 |       0 |   0.0 |      18 |       0 |   0.0
        D:4 |     375 |      70 |  15.7 |      18 |       1 |   5.3
        D:5 |     243 |       0 |   0.0 |       8 |       0 |   0.0
        D:6 |    1250 |       0 |   0.0 |      28 |       0 |   0.0
        D:7 |     887 |     987 |  52.7 |      20 |       5 |  20.0
        D:8 |    2669 |      49 |   1.8 |      34 |       6 |  15.0
        D:9 |    1108 |    2109 |  65.6 |      17 |      11 |  39.3
       D:10 |    3693 |    3156 |  46.1 |      26 |      14 |  35.0
       D:11 |    2156 |      67 |   3.0 |      26 |       2 |   7.1
       D:12 |    4630 |       0 |   0.0 |      30 |       0 |   0.0
       D:13 |    6835 |    7939 |  53.7 |      29 |       8 |  21.6
       D:14 |   10301 |    2642 |  20.4 |      27 |       2 |   6.9
       D:15 |   12113 |    8076 |  40.0 |      41 |      11 |  21.2
     Lair:1 |    7575 |    1864 |  19.7 |      35 |      14 |  28.6
     Lair:2 |    4064 |       0 |   0.0 |      15 |       0 |   0.0
     Lair:3 |    2731 |     159 |   5.5 |      14 |       1 |   6.7
     Lair:4 |    4791 |    4298 |  47.3 |      19 |      17 |  47.2
     Lair:5 |    6547 |       0 |   0.0 |      21 |       0 |   0.0
     Lair:6 |   10573 |   10003 |  48.6 |      35 |      31 |  47.0
    Swamp:1 |   15335 |    4444 |  22.5 |      34 |       7 |  17.1
    Swamp:2 |   11172 |    1982 |  15.1 |      29 |       1 |   3.3
    Swamp:3 |   14539 |       0 |   0.0 |      33 |       0 |   0.0
    Swamp:4 |    7127 |   15742 |  68.8 |      20 |      46 |  69.7
    Snake:1 |   13720 |    1639 |  10.7 |      25 |       1 |   3.8
    Snake:2 |   18922 |       0 |   0.0 |      33 |       0 |   0.0
    Snake:3 |   18840 |    9544 |  33.6 |      40 |       7 |  14.9
    Snake:4 |   14559 |   26832 |  64.8 |      32 |      43 |  57.3
      Orc:1 |     442 |       0 |   0.0 |       8 |       0 |   0.0
      Orc:2 |    4838 |   16431 |  77.3 |      47 |      54 |  53.5
   Vaults:1 |   29063 |    7963 |  21.5 |      63 |      21 |  25.0
   Vaults:2 |   34755 |   45243 |  56.6 |      66 |      39 |  37.1
   Vaults:3 |   19386 |   27139 |  58.3 |      35 |      32 |  47.8
   Vaults:4 |   10005 |   14192 |  58.7 |      16 |      15 |  48.4
    Volcano |       0 |    3109 | 100.0 |       0 |       9 | 100.0
 Desolation |       0 |   40147 | 100.0 |       0 |      77 | 100.0
            +---------+---------+-------+---------+---------+-------
